AoeStats
← gabrielaA23

Black Forest

506573844Analyzed
2v2 RM · 19d ago on Sep 14, 2026· 41m 21s· 4 players
Game mode
Random Map
Map size
Medium (4 player)
Population
200
Speed
Normal
Resources
Standard
Victory
Conquest
Starting age
Dark Age
Ending age
Imperial Age
RankedLock teamsTeams togetherTeam positionsShared explorationLock speedFull tech treeHidden civsTurbo modeCheats
Victory
Defeat
🇺🇸 Celts · United States
753
+13
🇺🇸 Romans · United States
724
+14
🇦🇷 Teutons · Argentina
770
-40
🇦🇷 Vietnamese · Argentina
606
-15
INTER6636
0:31 Loom
14:44 Feudal Age
18:15 Double-Bit Axe
21:19 Horse Collar
24:32 Castle Age
26:16 Heavy Plow
26:30 Bow Saw
31:50 Imperial Age
30:16 Squires
32:14 Wheelbarrow
31:26 Town Watch
32:35 Scale Barding Armor
32:40 Forging
32:31 Scale Mail Armor
32:22 Fletching
32:33 Padded Archer Armor
33:41 Chemistry
34:30 Crop Rotation
Walkdog38
0:33 Loom
15:02 Feudal Age
15:52 Double-Bit Axe
16:04 Horse Collar
16:08 Man-at-Arms
16:36 Arson
16:52 Gold Mining
24:32 Castle Age
23:19 Stone Mining
25:09 Long Swordsman
25:58 Heavy Plow
26:38 Stone Shaft Mining
27:10 Wheelbarrow
37:05 Bow Saw
gabrielaA23
15:24 Feudal Age
19:41 Castle Age
18:55 Stone Mining
18:58 Gold Mining
18:54 Horse Collar
19:05 Double-Bit Axe
21:33 Bow Saw
24:00 Heavy Plow
26:49 Stone Shaft Mining
28:07 Caravan
39:23 Imperial Age
38:43 Wheelbarrow
chemadc5965
13:33 Feudal Age
15:17 Double-Bit Axe
15:25 Gold Mining
18:19 Wheelbarrow
25:41 Castle Age
29:23 Pikeman
29:23 Man-at-Arms
Connection lost

Rejoining the realm…

Still unreachable

The connection could not be restored.

Session expired

The server has moved on; the page needs a fresh start.